General information
			
			
        
        - name: BNet
 
        - type: Ladder team game (AT/RT)
 
        - host: Battle.net
 
        - saver: DaBaptistChurch
 
        
map: Mur'gulOasis 
        - players: 8
 
        - length: 18:14
 
        - speed: Fast
 - version: 1.22 W3XP
 - replay type:  Public
 
» download(207 KB)
Players
        team 1 (winner) 
              
              
» 
DaBaptistChurch (
yellow | 116 APM | 2117 actions | 18:14)
              
 4 Keeper of the Grove 
 2 Entangling Roots
 2 Thorns Aura
 3 Priestess of the Moon 
 2 Trueshot Aura
 1 Searing Arrows
 
                » actions 
                
                | Assign group hotkey | 25 |  | 
| Basic commands | 160 |  | 
| Build / train | 52 |  | 
| ESC pressed | 1 |  | 
| Enter build submenu | 14 |  | 
| Enter hero's abilities submenu | 9 |  | 
| Right click | 1008 |  | 
| Select / deselect | 499 |  | 
| Select group hotkey | 289 |  | 
| Use ability | 60 |  | 
                2117 total
 » units 
                
                | Wisp | 14 |  | 
| Huntress | 5 |  | 
| Druid of the Talon | 7 |  | 
| Archer | 5 |  | 
                31 total
 » upgrades
                
                | Druid of the Talon Training | 2 |  | 
| Improved Bows | 1 |  | 
| Strength of the Moon | 1 |  | 
| Mark of the Talon | 1 |  | 
                5 total
 » buildings
                
                | Altar of Elders | 1 |  | 
| Moon Well | 6 |  | 
| Hunter's Hall | 1 |  | 
| Ancient of War | 2 |  | 
| Ancient of Wonders | 1 |  | 
| Tree of Ages | 1 |  | 
| Ancient of Wind | 2 |  | 
| Tree of Eternity | 1 |  | 
                15 total
 » build order
                00:06 Altar of Elders
00:08 Moon Well
01:29 Hunter's Hall
01:52 Ancient of War
02:13 Ancient of War
02:27 Moon Well
03:32 Ancient of Wonders
04:02 Moon Well
05:31 Tree of Ages
06:10 Moon Well
08:20 Ancient of Wind
08:23 Ancient of Wind
13:38 Tree of Eternity
15:00 Moon Well
17:09 Moon Well
» items
                
                | Lesser Clarity Potion | 1 |  | 
| Scroll of Town Portal | 2 |  | 
| Potion of Healing | 2 |  | 
                5 total
  
               
              
              
» 
THETVCHURCH (
pink | 172 APM | 3131 actions | 18:13)
              
 4 Demon Hunter 
 2 Mana Burn
 2 Evasion
 2 Naga Sea Witch 
 1 Frost Arrows
 1 Forked Lightning
 
                » actions 
                
                | Assign group hotkey | 290 |  | 
| Basic commands | 3 |  | 
| Build / train | 61 |  | 
| ESC pressed | 4 |  | 
| Enter build submenu | 30 |  | 
| Enter hero's abilities submenu | 6 |  | 
| Give item / drop item | 1 |  | 
| Right click | 1676 |  | 
| Select / deselect | 196 |  | 
| Select group hotkey | 780 |  | 
| Use ability | 84 |  | 
                3131 total
 » units 
                
                | Wisp | 12 |  | 
| Archer | 4 |  | 
| Dryad | 8 |  | 
| Druid of the Claw | 1 |  | 
                25 total
 » upgrades
                
                | Reinforced Hides | 1 |  | 
| Abolish Magic | 1 |  | 
| Strength of the Wild | 1 |  | 
| Druid of the Claw Training | 1 |  | 
                4 total
 » buildings
                
                | Altar of Elders | 1 |  | 
| Moon Well | 5 |  | 
| Ancient of War | 2 |  | 
| Tree of Ages | 3 |  | 
| Hunter's Hall | 1 |  | 
| Ancient of Lore | 6 |  | 
| Ancient Protector | 2 |  | 
| Tree of Eternity | 1 |  | 
                21 total
 » build order
                00:15 Altar of Elders
00:23 Moon Well
00:48 Ancient of War
01:29 Moon Well
03:38 Tree of Ages
03:38 Tree of Ages
03:38 Tree of Ages
03:47 Hunter's Hall
04:56 Moon Well
06:04 Ancient of Lore
06:05 Ancient of Lore
06:16 Ancient Protector
06:46 Ancient of Lore
07:45 Ancient Protector
08:00 Ancient of Lore
08:50 Moon Well
09:47 Tree of Eternity
09:51 Moon Well
14:38 Ancient of War
16:40 Ancient of Lore
16:40 Ancient of Lore
» items
                
                | Boots of Speed | 2 |  | 
| Periapt of Vitality | 1 |  | 
| Scroll of Town Portal | 5 |  | 
| Potion of Lesser Invulnerability | 2 |  | 
| Scroll of Healing | 1 |  | 
                11 total
  
               
              
              
» 
TIMG4STRok (
purple | 120 APM | 2183 actions | 18:13)
              
 4 Mountain King 
 2 Storm Bolt
 2 Bash
 3 Paladin 
 2 Holy Light
 1 Divine Shield
 
                » actions 
                
                | Assign group hotkey | 28 |  | 
| Basic commands | 174 |  | 
| Build / train | 53 |  | 
| ESC pressed | 1 |  | 
| Enter build submenu | 18 |  | 
| Enter hero's abilities submenu | 7 |  | 
| Give item / drop item | 1 |  | 
| Right click | 953 |  | 
| Select / deselect | 239 |  | 
| Select group hotkey | 645 |  | 
| Use ability | 64 |  | 
                2183 total
 » units 
                
                | Peasant | 10 |  | 
| Footman | 8 |  | 
| Spell Breaker | 8 |  | 
| Priest | 4 |  | 
                30 total
 » upgrades
                
                | Priest Training | 2 |  | 
| Control Magic | 1 |  | 
| Swords | 2 |  | 
| Plating | 2 |  | 
                7 total
 » buildings
                
                | Altar of Kings | 1 |  | 
| Barracks | 1 |  | 
| Farm | 11 |  | 
| Scout Tower | 1 |  | 
| Arcane Tower | 1 |  | 
| Arcane Vault | 1 |  | 
| Keep | 1 |  | 
| Arcane Sanctum | 2 |  | 
| Blacksmith | 1 |  | 
| Castle | 1 |  | 
                21 total
 » build order
                00:09 Altar of Kings
00:21 Barracks
00:32 Farm
01:03 Farm
01:41 Farm
01:48 Scout Tower
02:18 Arcane Tower
02:39 Arcane Vault
03:25 Farm
03:51 Keep
05:23 Farm
05:24 Farm
05:28 Farm
05:30 Farm
06:33 Arcane Sanctum
06:35 Arcane Sanctum
08:22 Blacksmith
09:16 Castle
11:31 Farm
11:32 Farm
12:06 Farm
» items
                
                | Boots of Speed | 2 |  | 
| Scroll of Regeneration | 1 |  | 
| Scroll of Town Portal | 1 |  | 
                4 total
  
               
              
              
» 
webcam-titties (
green | 111 APM | 2027 actions | 18:13)
              
 4 Keeper of the Grove 
 2 Entangling Roots
 2 Force of Nature
 3 Naga Sea Witch 
 2 Frost Arrows
 1 Forked Lightning
 
                » actions 
                
                | Assign group hotkey | 37 |  | 
| Basic commands | 122 |  | 
| Build / train | 62 |  | 
| Enter build submenu | 13 |  | 
| Enter hero's abilities submenu | 8 |  | 
| Right click | 969 |  | 
| Select / deselect | 313 |  | 
| Select group hotkey | 461 |  | 
| Use ability | 42 |  | 
                2027 total
 » units 
                » upgrades
                
                | Strength of the Wild | 2 |  | 
| Abolish Magic | 1 |  | 
| Reinforced Hides | 1 |  | 
                4 total
 » buildings
                
                | Altar of Elders | 1 |  | 
| Moon Well | 7 |  | 
| Tree of Ages | 1 |  | 
| Hunter's Hall | 1 |  | 
| Ancient of War | 1 |  | 
| Ancient of Lore | 2 |  | 
| Ancient of Wonders | 1 |  | 
                14 total
 » build order
                00:10 Altar of Elders
00:19 Moon Well
02:38 Tree of Ages
02:46 Hunter's Hall
02:48 Ancient of War
02:50 Moon Well
03:27 Moon Well
03:51 Moon Well
05:02 Ancient of Lore
05:03 Ancient of Lore
06:06 Moon Well
06:59 Moon Well
07:51 Ancient of Wonders
17:49 Moon Well
» items
                
                | Moonstone | 1 |  | 
| Scroll of Town Portal | 1 |  | 
                2 total
  
               team 2 (loser) 
              
              
GoodGuyToday (
blue | 53 APM | 967 actions | 18:10)
              
 3 Archmage 
 2 Blizzard
 1 Brilliance Aura
 2 Blood Mage 
 1 Flame Strike
 1 Siphon Mana
 
                » actions 
                
                | Assign group hotkey | 32 |  | 
| Basic commands | 74 |  | 
| Build / train | 55 |  | 
| ESC pressed | 8 |  | 
| Enter build submenu | 15 |  | 
| Enter hero's abilities submenu | 5 |  | 
| Right click | 421 |  | 
| Select / deselect | 215 |  | 
| Select group hotkey | 80 |  | 
| Use ability | 62 |  | 
                967 total
 » units 
                
                | Peasant | 17 |  | 
| Footman | 12 |  | 
| Spell Breaker | 5 |  | 
| Sorceress | 1 |  | 
| Mortar Team | 3 |  | 
                38 total
 » buildings
                
                | Altar of Kings | 1 |  | 
| Farm | 5 |  | 
| Barracks | 1 |  | 
| Scout Tower | 1 |  | 
| Arcane Tower | 1 |  | 
| Keep | 1 |  | 
| Arcane Vault | 1 |  | 
| Castle | 1 |  | 
| Lumber Mill | 1 |  | 
| Arcane Sanctum | 2 |  | 
| Blacksmith | 1 |  | 
| Guard Tower | 1 |  | 
| Workshop | 2 |  | 
                19 total
 » build order
                00:20 Altar of Kings
00:34 Farm
00:44 Barracks
01:05 Farm
01:36 Scout Tower
01:47 Farm
02:07 Arcane Tower
02:30 Farm
03:38 Keep
03:46 Arcane Vault
06:04 Castle
06:24 Lumber Mill
06:48 Arcane Sanctum
07:05 Farm
08:22 Arcane Sanctum
12:04 Blacksmith
12:31 Guard Tower
13:38 Workshop
13:51 Workshop
» items
                
                | Scroll of Regeneration | 2 |  | 
| Potion of Healing | 2 |  | 
| Scroll of Town Portal | 1 |  | 
| Ivory Tower | 1 |  | 
                6 total
  
               
              
              
» 
Jhou (
red | 86 APM | 1563 actions | 18:10)
              
 4 Goblin Alchemist 
 2 Healing Spray
 2 Chemical Rage
 3 Paladin 
 2 Holy Light
 1 Devotion Aura
 
                » actions 
                
                | Assign group hotkey | 19 |  | 
| Basic commands | 85 |  | 
| Build / train | 71 |  | 
| Enter build submenu | 15 |  | 
| Enter hero's abilities submenu | 8 |  | 
| Give item / drop item | 3 |  | 
| Remove unit from queue | 5 |  | 
| Right click | 615 |  | 
| Select / deselect | 303 |  | 
| Select group hotkey | 365 |  | 
| Use ability | 74 |  | 
                1563 total
 » units 
                
                | Peasant | 6 |  | 
| Footman | 5 |  | 
| Rifleman | 8 |  | 
| Priest | 7 |  | 
| Spell Breaker | 3 |  | 
| Mortar Team | 3 |  | 
                32 total
 » upgrades
                » buildings
                
                | Barracks | 1 |  | 
| Farm | 8 |  | 
| Altar of Kings | 1 |  | 
| Arcane Vault | 1 |  | 
| Lumber Mill | 1 |  | 
| Keep | 2 |  | 
| Blacksmith | 1 |  | 
| Arcane Sanctum | 1 |  | 
| Guard Tower | 1 |  | 
| Workshop | 1 |  | 
                18 total
 » build order
                00:12 Barracks
00:23 Farm
01:03 Altar of Kings
01:11 Farm
02:05 Arcane Vault
02:14 Farm
02:37 Lumber Mill
03:11 Farm
03:57 Keep
04:09 Blacksmith
06:22 Farm
06:26 Arcane Sanctum
06:34 Farm
06:34 Farm
08:50 Farm
11:08 Guard Tower
11:57 Workshop
» items
                
                | Scroll of Regeneration | 5 |  | 
| Lesser Clarity Potion | 2 |  | 
| Scroll of Town Portal | 7 |  | 
| Ivory Tower | 3 |  | 
| Potion of Healing | 2 |  | 
                19 total
  
               
              
              
» 
KeKe) (
orange | 75 APM | 1359 actions | 18:07)
              
 3 Keeper of the Grove 
 2 Entangling Roots
 1 Force of Nature
 2 Priestess of the Moon 
 1 Trueshot Aura
 1 Searing Arrows
 
                » actions 
                
                | Assign group hotkey | 52 |  | 
| Basic commands | 164 |  | 
| Build / train | 54 |  | 
| ESC pressed | 9 |  | 
| Enter build submenu | 9 |  | 
| Enter hero's abilities submenu | 5 |  | 
| Give item / drop item | 2 |  | 
| Right click | 435 |  | 
| Select / deselect | 214 |  | 
| Select group hotkey | 360 |  | 
| Use ability | 55 |  | 
                1359 total
 » units 
                » upgrades
                » buildings
                
                | Altar of Elders | 1 |  | 
| Moon Well | 4 |  | 
| Hunter's Hall | 1 |  | 
| Ancient of War | 2 |  | 
| Ancient of Wonders | 1 |  | 
| Tree of Ages | 1 |  | 
| Tree of Eternity | 1 |  | 
                11 total
 » build order
                00:35 Altar of Elders
00:47 Moon Well
01:40 Hunter's Hall
01:53 Ancient of War
02:17 Ancient of War
02:33 Moon Well
02:49 Ancient of Wonders
02:58 Moon Well
05:31 Moon Well
07:55 Tree of Ages
11:14 Tree of Eternity
» items
                
                | Lesser Clarity Potion | 3 |  | 
| Dust of Appearance | 1 |  | 
| Scroll of Town Portal | 5 |  | 
| Scroll of Protection | 2 |  | 
| Scroll of Healing | 4 |  | 
| Potion of Lesser Invulnerability | 1 |  | 
| Orb of Venom | 1 |  | 
                17 total
  
               
              
              
» 
y0sh (
teal | 92 APM | 1679 actions | 18:13)
              
 3 Far Seer 
 2 Feral Spirit
 1 Chain Lighting
 2 Shadow Hunter 
 1 Hex
 1 Healing Wave
 
                » actions 
                
                | Assign group hotkey | 28 |  | 
| Basic commands | 43 |  | 
| Build / train | 53 |  | 
| Enter build submenu | 15 |  | 
| Enter hero's abilities submenu | 5 |  | 
| Give item / drop item | 2 |  | 
| Right click | 661 |  | 
| Select / deselect | 283 |  | 
| Select group hotkey | 492 |  | 
| Use ability | 97 |  | 
                1679 total
 » units 
                
                | Peon | 7 |  | 
| Grunt | 6 |  | 
| Raider | 2 |  | 
| Spirit Walker | 3 |  | 
| Demolisher | 1 |  | 
| Tauren | 4 |  | 
                23 total
 » upgrades
                
                | Ensnare | 1 |  | 
| Pillage | 1 |  | 
| Spirit Walker Training | 2 |  | 
| Pulverize | 1 |  | 
| Reinforced Defenses | 1 |  | 
                6 total
 » buildings
                
                | Altar of Storms | 1 |  | 
| Orc Burrow | 6 |  | 
| Barracks | 1 |  | 
| Voodoo Lounge | 1 |  | 
| Stronghold | 1 |  | 
| War Mill | 1 |  | 
| Beastiary | 1 |  | 
| Spirit Lodge | 1 |  | 
| Fortress | 1 |  | 
| Tauren Totem | 2 |  | 
                16 total
 » build order
                00:11 Altar of Storms
00:22 Orc Burrow
00:40 Barracks
01:31 Orc Burrow
01:56 Voodoo Lounge
03:01 Stronghold
03:53 Orc Burrow
05:22 War Mill
05:43 Beastiary
06:04 Spirit Lodge
08:03 Orc Burrow
09:41 Fortress
12:12 Tauren Totem
12:23 Tauren Totem
13:54 Orc Burrow
14:26 Orc Burrow
» items
                
                | Healing Salve | 5 |  | 
| Lesser Clarity Potion | 5 |  | 
| Scroll of Speed | 2 |  | 
| Scroll of Town Portal | 2 |  | 
| Potion of Healing | 1 |  | 
                15 total
  
                Chat log
          (00:39 / All) TIMG4STRok: Saved by zero........